 Dungeon Crawl Stone Soup version 0.17-a0-1984-g55f5988 (webtiles) character file.

151 Ordine the Twirler (level 5, -15/42 HPs)
             Began as a Minotaur Gladiator on Oct 6, 2015.
             Demolished by an ogre
             ... wielding a +0 giant spiked club
              (28 damage)
             ... on level 3 of the Dungeon.
             The game lasted 00:04:17 (1472 turns).

Ordine the Twirler (Minotaur Gladiator)             Turns: 1472, Time: 00:04:18

Health: -15/42     AC:  7    Str: 20    XL:     5   Next: 10%
Magic:  4/4        EV: 12    Int:  5    God:
Gold:   208        SH:  0    Dex: 11    Spells: 0 memorised, 4 levels left

rFire  . . .     SeeInvis .     a - +0 quarterstaff
rCold  . . .     Clarity  .     b - +0 leather armour
rNeg   . . .     SustAt   .     (no shield)
rPois  .         Gourm    .     c - +0 hat
rElec  .         Spirit   .     (no cloak)
rCorr  .         Warding  .     (no gloves)
rMut   .         Stasis   .     (no boots)
MR     .....                    (no amulet)
Stlth  +.........               (no ring)
                                h - +4 ring of protection

@: not resistant to hostile enchantments, very unstealthy
A: retaliatory headbutt, horns 2
a: no special abilities


You were on level 3 of the Dungeon.
You were not hungry.

You visited 1 branch of the dungeon, and saw 3 of its levels.

You collected 208 gold pieces.

Inventory:

Hand Weapons
 a - a +0 quarterstaff (weapon)
Missiles
 d - 4 throwing nets (quivered)
Armour
 b - a +0 leather armour (worn)
 c - a +0 hat (worn)
 l - a +0 crystal plate armour
Jewellery
 h - a +4 ring of protection (left hand)
Wands
 r - a wand of confusion (3)
 u - a wand of lightning (12)
Scrolls
 i - a scroll of amnesia {unknown}
 k - 2 scrolls of magic mapping {unknown}
 m - a scroll of remove curse {unknown}
 n - 5 scrolls of identify {unknown}
 o - a scroll of fear {unknown}
 q - a scroll of immolation {unknown}
 w - a scroll of enchant armour {unknown}
Potions
 g - a potion of flight {unknown}
 j - a potion of beneficial mutation {unknown}
 s - 2 potions of cancellation {unknown}
 t - a potion of might {unknown}
Comestibles
 e - a bread ration
 f - 2 meat rations
 p - a slice of pizza
 v - 5 chunks of flesh


   Skills:
 - Level 2.4 Fighting
 + Level 7.0 Staves
 - Level 2.0 Throwing
 - Level 3.2 Dodging


You had 4 spell levels left.
You didn't know any spells.

Dungeon Overview and Level Annotations

Branches:
Dungeon (3/15)

Altars:
Dithmenos
Nemelex Xobeh
Sif Muna


Innate Abilities, Weirdness & Mutations

You reflexively headbutt those who attack you in melee.
You have a pair of horns on your head.


Message History

You kill the hobgoblin!
No target in view!
No target in view!
You now have 208 gold pieces (gained 17).
An ogre comes into view. It is wielding a giant spiked club.
The ogre shouts!
You hit the ogre.
The ogre is lightly wounded.
The ogre hits you with a giant spiked club!
You hit the ogre but do no damage.
You headbutt the ogre, but do no damage.
The ogre is lightly wounded.
You barely miss the ogre.
The ogre is lightly wounded.
The ogre hits you with a giant spiked club!
You sock the ogre! Your headbutt misses the ogre.
The ogre is heavily wounded.
The ogre hits you with a giant spiked club!!
Ouch! That really hurt!
You die...

#.###.##########.
#.# #.# #.#
#.###### #.#
#.....[# #.#
######.# #.# #.#
#.# #.# ###.###
#.# #.@...# #.#
#O#.#.# #.#
.....#.# #.#
#.#.### # #.#
#.#. #.###### #
## #......)
#######. #. #.


You could see an ogre.

Vanquished Creatures
  The ghost of Argons the Insei, an amateur DgTm (D:3)
  A worker ant (D:3)
  A gnoll (D:1)
  An adder (D:3)
  A giant gecko (D:1)
  An orc (D:3)
  5 hobgoblins
  A ball python (D:3)
  2 bats
  2 giant cockroaches
  A giant newt (D:1)
  4 goblins
  4 jackals (D:2)
  4 kobolds
  2 quokkas (D:2)
  A rat (D:1)
32 creatures vanquished.

Notes
Turn   | Place    | Note
--------------------------------------------------------------
     0 | D:1      | Ordine the Minotaur Gladiator began the quest for the Orb.
     0 | D:1      | Reached XP level 1. HP: 18/18 MP: 0/0
   155 | D:1      | Reached skill level 4 in Staves
   200 | D:1      | Found a sparkling altar of Nemelex Xobeh.
   394 | D:1      | Reached XP level 2. HP: 22/25 MP: 1/1
   643 | D:2      | Reached skill level 5 in Staves
   761 | D:2      | Found a shadowy altar of Dithmenos.
   849 | D:2      | Reached XP level 3. HP: 26/30 MP: 2/2
   920 | D:2      | Found a deep blue altar of Sif Muna.
  1130 | D:3      | Noticed Argons's ghost (amateur DgTm)
  1142 | D:3      | Killed Argons's ghost
  1142 | D:3      | Reached skill level 6 in Staves
  1142 | D:3      | Reached XP level 4. HP: 37/37 MP: 3/3
  1288 | D:3      | Reached XP level 5. HP: 42/42 MP: 4/4
  1328 | D:3      | Reached skill level 7 in Staves
  1467 | D:3      | Noticed an ogre
  1472 | D:3      | Demolished by an ogre

Vault maps used:
D:1:      lightli_arrival_noodles, nemelex_deck
D:2:      lemuel_coloured_pillars_altar, grunt_dithmenos_smoke, serial_glass,
          glass_columns_c, glass_columns_b, minmay_strange_pillars,
          due_unseen_surprise, minmay_strange_pillars, minmay_strange_pillars

Action                   |  1- 3 |  4- 6 || total
-------------------------+-------+-------++-------
Melee: Quarterstaff      |    49 |    28 ||    77
Evoke: Wand              |     1 |       ||     1
 Stab: Confused          |     2 |       ||     2
  Eat: Chunk             |       |     2 ||     2
